Construct Section Command Post
Selects Indian Artillery Battlegroup
Construct Platoon Command Post
Selects Gurkha Rifles Section
6-pounder Anti-tank Gun Team
Construct Company Command Post
Selects Artillery Saturation
Selects Off-map Airburst Barrage
Selects Perimeter Monitor
Selects Volunteer Infantry